 Dungeon Crawl Stone Soup version 0.32-a0-685-g93135e8 (webtiles) character file.

Game seed: 2376672244556298452

14 Dorkslayer the Trooper (level 2, -1/21 HPs)
             Began as an Octopode Fighter on Mar 12, 2024.
             Slain by an orc
             ... wielding a +0 hand axe
              (6 damage)
             ... on level 2 of the Dungeon.
             The game lasted 00:01:00 (560 turns).

Dorkslayer the Trooper (Octopode Fighter)            Turns: 560, Time: 00:01:00

Health: -1/21      AC:  1    Str: 15    XL:     2   Next: 45%
Magic:  2/2        EV: 13    Int: 10    God:
Gold:   34         SH:  0    Dex: 11    Spells: 1/1 levels left

rFire   . .          .
                       - Unarmed
rCold   . . .        a - +0 buckler
rNeg    . . .        (helmet restricted)
rPois   .            e - amulet of reflection
rElec   .            (no ring)
rCorr   .            (no ring)
SInv    .            (no ring)
Will    .....        (no ring)
Stlth   ++           (no ring)
HPRegen 0.23/turn    (no ring)
MPRegen 0.08/turn    (no ring)
                     (no ring)

%: reflection
@: confused, mighty, brilliant
A: almost no armour, amphibious, 8 rings, camouflage 1, gelatinous body 1,
(nimble swimmer 1), tentacles
a: no special abilities


You were on level 2 of the Dungeon.
You visited 1 branch of the dungeon, and saw 2 of its levels.

You collected 34 gold pieces.

Inventory:

Armour
 a - a +0 buckler (worn)
Jewellery
 e - an amulet of reflection (around mantle)
Scrolls
 c - a scroll of enchant armour {unknown}
 d - a scroll of identify {unknown}
 f - a scroll of teleportation {unknown}


   Skills:
 + Level 3.3 Fighting
 + Level 3.1 Dodging
 + Level 0.1 Stealth
 + Level 3.1 Shields
 * Level 2.2 Unarmed Combat


You had one spell level left.
You didn't know any spells.
Your spell library contained the following spells:

 Spells                   Type           Power      Damage    Failure   Level
 Jinxbite                 Hex            0%         N/A       58%         2
 Yara's Violent Unravell  Hex/Alch       0%         3d3       100%        5
 Enfeeble                 Hex            0%         N/A       100%        7


Dungeon Overview and Level Annotations

Branches:
Dungeon (1/15)

Altars:


Innate Abilities, Weirdness & Mutations

You cannot wear most types of armour.
You are amphibious.
You can wear up to eight rings at the same time.
Your skin changes colour to match your surroundings (Stealth+).
Your rubbery body absorbs attacks. (AC +1, EV +1)
((You are camouflaged when in or above water. (Stealth+)))
You have tentacles for arms and can constrict up to eight enemies at once.


Message History

The orc wizard shouts!
The orc wizard gestures wildly while chanting.
The orc wizard flickers and vanishes!
Deactivating autopickup; reactivate with Ctrl-A.
You hear a shout!
There are no items here.
You block the orc's attack.
You barely miss the orc.
The orc wizard shouts!
You grab the orc. You constrict the orc.
The orc sings a few bars from the Orcish anthem.
The orc hits you with a +0 hand axe.
You tentacle-slap the orc.
The orc is almost dead.
You constrict the orc.
You kill the orc!
You hear some strange, mumbled words.
A magic dart appears from out of thin air!
The magic dart hits you.
The orc wizard gestures wildly while chanting.
The orc wizard flickers and vanishes!
You see here a +0 hand axe.
You closely miss something. Your squeeze misses something.
You hear some strange, mumbled words.
You are confused.
You bump into the rock wall.
The orc misses you. Something hits you.
You feel very mighty all of a sudden. Something hits you.
It was a potion of brilliance.
You feel clever all of a sudden. Something hits you.
* * * LOW HITPOINT WARNING * * *
Something hits you.
* * * LOW HITPOINT WARNING * * *
You hear some strange, mumbled words.
You are more confused.
You barely miss something. Your squeeze misses something.
The orc hits you with a +0 hand axe.
You die...

#......... ..........
#........# .........
#........# #........
#......†.####.......#
#....................
#..........†..##.....
##...........)#######
#.........o{...#
#..........@...#
###....###.......#
#......# #.......#
#......# #.........
#......# ######......
#......# .......
######## .......
.#....


You could see an orc.

Vanquished Creatures
  A dart slug (D:1)
  An orc (D:2)
  A ball python (D:2)
  A hobgoblin (D:1)
  A quokka (D:1)
  2 bats (D:1)
  A frilled lizard (D:1)
  A kobold (D:1)
  4 rats
13 creatures vanquished.

Notes
Turn   | Place    | Note
-------+----------+-------------------------------------------
     0 | D:1      | Dorkslayer the Octopode Fighter began the quest for the
                  | Orb.
     0 | D:1      | Reached XP level 1. HP: 16/16 MP: 1/1
   271 | D:1      | Reached XP level 2. HP: 21/21 MP: 2/2
   523 | D:1      | You fall into a shaft and drop 1 floor!
   560 | D:2      | Slain by an orc

Illustrated notes

Levels and vault maps discovered:
D:1:      dpeg_arrival_rooms_c, layout_basic, serial_shops,
          nicolae_shop_bloodbath_and_beyond
D:2:      layout_basic, minmay_tromino_v4_c

Action                     || total
---------------------------++-------
  Melee: Unarmed           ||    23
         Constrict         ||     7
         Tentacles         ||     2
    Use: Potion            ||     2
   Stab: Sleeping          ||     2
 Armour: Skin              ||    15
  Dodge: Dodged            ||    12
  Block: Buckler           ||     6
         Reflection        ||     1

Table legend: (Time is in decaauts)
 A = Elapsed time spent in this place.
 B = Non-inter-level travel time spent in this place.
 C = Inter-level travel time spent in this place.
 D = Time resting spent in this place.
 E = Time spent auto-exploring this place.
 F = Levels seen in this place.
 G = Mean time per level.
                   A        B        C        D        E       F      G
               +--------+--------+--------+--------+--------+-----+--------+
         Total |    559 |    559 |      0 |      0 |    398 |   2 |  279.5 |
       Dungeon |    559 |    559 |      0 |      0 |    398 |   2 |  279.5 |
               +--------+--------+--------+--------+--------+-----+--------+

Top non-repeatable levels by time:
     D:1: 522 daAuts
     D:2: 37 daAuts
